 Dungeon Crawl Stone Soup version 0.18-a0-739-gdae9da8 (webtiles) character file.

7785 4thArraOfDagon the Cleaver (level 11, -6/100 HPs)
             Began as a Minotaur Fighter on Dec 10, 2015.
             Was an Elder of Okawaru.
             Mangled by an enchanted long sword (14 damage)
             ... on level 13 of the Dungeon.
             The game lasted 00:12:33 (1957 turns).

4thArraOfDagon the Cleaver (Minotaur Fighter)       Turns: 1957, Time: 00:12:33

Health: -6/100     AC: 10    Str: 24    XL:     11   Next: 1%
Magic:  3/10       EV: 17    Int:  7    God:    Okawaru [****..]
Gold:   380        SH:  0    Dex: 10    Spells: 0 memorised, 10 levels left

rFire  . . .     SeeInvis .     r - +3 broad axe (freeze)
rCold  . . .     Clarity  .     C - +0 troll leather armour
rNeg   . . .     SustAt   .     (no shield)
rPois  .         Gourm    .     (helmet restricted)
rElec  .         Spirit   .     b - +0 cloak
rCorr  .         Dismiss  .     l - +0 pair of gloves
rMut   .         Stasis   .     (no boots)
MR     .....                    (no amulet)
Stlth  +.........               v - ring of loudness (curse)
                                h - +2 ring of strength

@: heroism, finesse, not resistant to hostile enchantments, very unstealthy
A: retaliatory headbutt, horns 2
a: Heroism, Renounce Religion


You were on level 13 of the Dungeon.
You worshipped Okawaru.
Okawaru was greatly pleased with you.
You were very hungry.

You visited 1 branch of the dungeon, and saw 15 of its levels.

You collected 380 gold pieces.

Inventory:

Hand Weapons
 a - a +0 war axe
 g - the +7 longbow "Piercer" {penet, EV-2}
   (Okawaru gifted it to you on level 13 of the Dungeon)

   Ammo fired by it will pass through the targets it hits, potentially hitting
   all targets in its path until it reaches maximum range.
   It affects your evasion (-2).
 q - a cursed +1 battleaxe
 r - a +3 broad axe of freezing (weapon)
Missiles
 s - 4 curare-tipped needles
 A - 3 arrows
Armour
 b - a +0 cloak (worn)
 l - a +0 pair of gloves (worn)
 o - a +1 chain mail
 x - a +0 plate armour
 C - a +0 troll leather armour (worn)
Magical Staves
 u - an uncursed staff of air {unknown}
Jewellery
 h - a +2 ring of strength (left hand)
 t - an uncursed ring of wizardry
 v - a cursed ring of loudness (right hand)
Wands
 d - a wand of flame (7)
 j - a wand of enslavement (12)
Scrolls
 k - a scroll of magic mapping {unknown}
 y - a scroll of silence {unknown}
 z - a scroll of summoning {unknown}
 B - 2 scrolls of remove curse
Potions
 f - 2 potions of brilliance
 m - a potion of poison
 n - a potion of degeneration
 w - a potion of flight
Comestibles
 c - 3 chunks of flesh
 e - 3 bread rations
 i - a meat ration
 p - 2 slices of pizza


   Skills:
 + Level 10.2(15.2) Fighting
 * Level 13.0(18.0) Axes
 + Level 10.0(15.0) Armour
 + Level 6.9(11.9) Dodging
   Level 3.6(8.6) Shields


You had 10 spell levels left.
You didn't know any spells.

Dungeon Overview and Level Annotations

Branches:
Dungeon (15/15)            Temple (0/1) D:6             Orc (0/4) D:11
   Lair: D:8-11      Vaults: D:13-14     Depths: D:15

Altars:
Makhleb
Okawaru
Pakellas
Zin

Annotations:
D:14 1 runed door, exclusion: orange crystal statue


Innate Abilities, Weirdness & Mutations

You reflexively headbutt those who attack you in melee.
You have a pair of horns on your head.


Message History

Unknown command.
You barely miss the enchanted long sword.
The enchanted long sword is heavily damaged.
Unknown command.
You hit the enchanted long sword.
Your headbutt misses the enchanted long sword.
The enchanted long sword is severely damaged.
The enchanted long sword completely misses you.
You furiously retaliate!
You headbutt the enchanted long sword.
Unknown command.
You are feeling very hungry.
You miss the enchanted long sword.
Your headbutt misses the enchanted long sword.
The enchanted long sword is almost destroyed.
Unknown command.
Unknown command.
You closely miss the enchanted long sword.
The enchanted long sword is almost destroyed.
The enchanted long sword hits you!
You die...

...≈≈≈≈≈≈≈..... # ...
#≈≈≈≈≈≈≈≈.... ≈#..
#≈≈≈≈≈≈≈.≈# ≈≈.. #≈≈≈≈≈≈.#
≈≈≈## #≈≈≈≈..# ≈≈≈≈
#######≈≈≈.## ≈≈≈
#......#≈..# ≈##
≈;#########....).##.#≈≈≈≈#
≈.........'.....@().≈≈≈≈≈...
###########......##≈≈≈≈≈≈###
#......##≈≈≈≈≈≈#
#)))...##≈≈≈≈≈≈#
#......##≈≈≈≈≈≈#
#......###≈≈≈≈≈#...#
#......# #≈≈≈≈#...# #.....)#
###≈≈##...# #......#
#.....#...#.#


You could see an enchanted long sword.

Vanquished Creatures
  A dancing weapon (D:13)
  2 centaur warriors
  An ugly thing (D:13)
  A griffon (D:14)
  A cyclops (D:15)
  A centaur zombie (D:11)
  2 gargoyles
  2 trolls
  A water elemental (D:15)
  Sigmund (D:5)
  A shadow (D:11)
  A basilisk (D:15)
  4 vampire mosquitoes
  A hippogriff (D:11)
  A warg (D:11)
  A hungry ghost (D:14)
  Duvessa (D:5)
  A water moccasin (D:7)
  4 ice beasts
  An ogre (D:8)
  3 orc warriors
  A phantom (D:6)
  Blork the orc (D:5)
  3 giant frogs
  Dowan (D:5)
  A scorpion (D:8)
  8 wights
  An electric eel (D:13)
  A hound (D:8)
  2 orc priests (D:11)
  A centaur skeleton (D:4)
  An iguana (D:6)
  A giant frog skeleton (D:6)
  An orc wizard (D:11)
  Ijyb (D:2)
  3 worker ants
  4 gnolls
  3 adders
  An adder skeleton (D:5)
  16 orcs
  3 giant cockroaches
  A hobgoblin (D:2)
  4 kobolds
  2 quokkas
  2 bats (D:2)
  2 giant newts
  3 goblins
  A jackal skeleton (D:4)
  A quokka skeleton (D:8)
  A rat (D:2)
103 creatures vanquished.

Notes
Turn   | Place    | Note
--------------------------------------------------------------
     0 | D:1      | 4thArraOfDagon the Minotaur Fighter began the quest for the Orb.
     0 | D:1      | Reached XP level 1. HP: 19/19 MP: 0/0
    65 | D:2      | Reached XP level 2. HP: 21/27 MP: 1/1
    67 | D:2      | Reached skill level 4 in Fighting
    80 | D:2      | Noticed Ijyb
    94 | D:2      | Killed Ijyb
    94 | D:2      | Reached XP level 3. HP: 15/34 MP: 2/2
   139 | D:4      | Found an iron altar of Okawaru.
   145 | D:4      | Became a worshipper of Warmaster Okawaru
   149 | D:4      | Reached XP level 4. HP: 18/41 MP: 3/3
   195 | D:4      | Noticed an ice beast
   198 | D:4      | You fall through a shaft for 2 floors!
   256 | D:6      | Noticed an ice beast
   260 | D:7      | Noticed a giant frog
   266 | D:7      | Killed a giant frog
   326 | D:6      | Reached XP level 5. HP: 33/47 MP: 4/4
   339 | D:6      | Reached skill level 5 in Axes
   362 | D:5      | Entered Level 5 of the Dungeon
   469 | D:6      | Reached skill level 5 in Fighting
   495 | D:6      | Reached XP level 6. HP: 45/56 MP: 5/5
   536 | D:6      | Found a staircase to the Ecumenical Temple.
   552 | D:6      | Reached * piety under Okawaru
   552 | D:6      | Reached skill level 5 in Armour
   554 | D:6      | Reached skill level 6 in Axes
   565 | D:6      | Reached skill level 7 in Axes
   565 | D:6      | Reached XP level 7. HP: 30/62 MP: 3/6
   600 | D:5      | Found an oddly glowing altar of Pakellas.
   685 | D:6      | Reached ** piety under Okawaru
   741 | D:5      | Noticed Duvessa
   741 | D:5      | Noticed Dowan
   741 | D:5      | Noticed Sigmund
   753 | D:5      | Killed Duvessa
   761 | D:5      | Killed Sigmund
   772 | D:5      | Killed Dowan
   804 | D:5      | Noticed Blork the orc
   812 | D:5      | Killed Blork the orc
   812 | D:5      | Reached skill level 8 in Axes
   883 | D:7      | Found a burning altar of Makhleb.
   883 | D:7      | Found a glowing silver altar of Zin.
   884 | D:7      | Noticed an angel
   884 | D:7      | Noticed a green death
   951 | D:8      | Reached XP level 8. HP: 71/71 MP: 7/7
  1067 | D:8      | Reached skill level 1 in Dodging
  1135 | D:8      | Reached skill level 9 in Axes
  1232 | D:10     | Entered Level 10 of the Dungeon
  1239 | D:10     | Noticed a troll
  1246 | D:10     | Killed a troll
  1246 | D:10     | Reached *** piety under Okawaru
  1318 | D:11     | Noticed a centaur zombie
  1327 | D:11     | Killed a centaur zombie
  1327 | D:11     | Reached XP level 9. HP: 64/81 MP: 8/8
  1331 | D:11     | Reached skill level 10 in Axes
  1427 | D:11     | Reached **** piety under Okawaru
  1445 | D:11     | Found a staircase to the Orcish Mines.
  1561 | D:13     | Gained mutation: You have an increased reservoir of magic (+10% MP). [potion of beneficial mutation]
  1571 | D:13     | You fall through a shaft!
  1571 | D:14     | Noticed a gargoyle
  1572 | D:14     | meh
  1576 | D:15     | Entered Level 15 of the Dungeon
  1582 | D:15     | Noticed a cyclops
  1582 | D:15     | Lost mutation: You have an increased reservoir of magic (+10% MP). [potion of cure mutation]
  1588 | D:15     | Killed a gargoyle
  1592 | D:15     | Killed a cyclops
  1592 | D:15     | Reached skill level 11 in Axes
  1597 | D:15     | Reached skill level 5 in Dodging
  1661 | D:15     | Noticed a centaur warrior
  1669 | D:15     | Killed a centaur warrior
  1669 | D:15     | Reached XP level 10. HP: 44/91 MP: 6/9
  1676 | D:14     | Found a runed door.
  1676 | D:14     | Noticed a griffon
  1691 | D:14     | Killed a griffon
  1707 | D:14     | Reached skill level 12 in Axes
  1791 | D:13     | Reached ***** piety under Okawaru
  1801 | D:13     | Noticed a centaur warrior
  1810 | D:13     | Killed a centaur warrior
  1810 | D:13     | Received a gift from Okawaru
  1847 | D:14     | Noticed an orange crystal statue
  1927 | D:13     | Noticed a red ugly thing
  1928 | D:13     | Noticed an enchanted long sword
  1930 | D:13     | Noticed an enchanted long sword
  1942 | D:13     | Killed an enchanted long sword
  1942 | D:13     | Reached skill level 10 in Fighting
  1942 | D:13     | Reached skill level 13 in Axes
  1942 | D:13     | Reached skill level 10 in Armour
  1948 | D:13     | Killed a red ugly thing
  1948 | D:13     | Reached XP level 11. HP: 24/100 MP: 2/10
  1957 | D:13     | Mangled by an enchanted long sword

Vault maps used:
D:1:      matt_arrival_refuge, lemuel_old_faithful
D:2:      uniq_iyjb
D:3:      grunt_temple_overflow_open, uniq_grinder
D:4:      nicolae_overflow_crystal_walls, cheibriados_altar_wand_db
D:5:      johnstein_pakellas_death_squad, first_bread, uniq_duvessa,
          uniq_prince_ribbit1, uniq_blork_the_orc, uniq_sigmund
D:6:      lemuel_ice_spiral_2
D:7:      grunt_temple_overflow_order_and_chaos_2,
          lemuel_coloured_pillars_altar, old_standard_altar, grunt_ogre_cave
D:9:      erik_lair_island, nemelex_altar_shiori
D:10:     hangedman_cross_cluster, basic_altar, uniq_maud
D:11:     erik_orc_3, serial_shops, shop, fedhas_altar_3
D:12:     minmay_twisted_water
D:13:     erik_vaults_1, uniq_azrael
D:14:     minmay_goldmine, minmay_strange_pillars, minmay_crystal_box
D:15:     grunt_enter_depths_snipers, serial_bayou_pond_b

Action                   |  1- 3 |  4- 6 |  7- 9 | 10-12 || total
-------------------------+-------+-------+-------+-------++-------
Melee: War axe           |    30 |    38 |    35 |       ||   103
       Broad axe         |       |       |   120 |    70 ||   190
 Fire: Longbow           |       |       |       |     4 ||     4
Invok: Heroism           |       |     1 |     8 |     5 ||    14
       Finesse           |       |       |       |     2 ||     2
Evoke: Wand              |       |       |       |     2 ||     2
  Use: Scroll            |       |     4 |     7 |       ||    11
       Potion            |       |     1 |     5 |     2 ||     8
  Eat: Chunk             |       |       |     1 |       ||     1
       Bread ration      |       |       |     1 |       ||     1
